 Dungeon Crawl Stone Soup version 0.29.1-1-gd02db6906a (webtiles) character file.

Game seed: 8580710517667491840

5163 RascalDebosk the Destroyer (level 10, -4/50 HPs)
             Began as a Deep Elf Conjurer on Oct 9, 2022.
             Was a Priest of Kikubaaqudgha.
             Slain by a lindwurm (shapeshifter) (5 damage)
             ... on level 9 of the Dungeon.
             The game lasted 01:29:38 (12971 turns).

RascalDebosk the Destroyer (Deep Elf Conjurer)     Turns: 12971, Time: 01:29:39

Health: -4/50      AC: 15    Str:  4    XL:     10   Next: 33%
Magic:  10/25      EV: 12    Int: 28    God:    Kikubaaqudgha [***...]
Gold:   1385       SH:  0    Dex: 13    Spells: 0/27 levels left

rFire   + + .      SeeInvis .   f - +1 rapier (vamp)
rCold   . . .      Faith    +   (no shield)
rNeg    . . .      Spirit   .   w - +2 steam dragon scales
rPois   .          Reflect  .   (no helmet)
rElec   .          Harm     .   D - +0 cloak
rCorr   +          Rampage  .   (no gloves)
Will    +....                   e - +2 pair of boots
Stlth   ++........              v - amulet "Xiasm" {Faith rF++ rCorr}
HPRegen 0.16/turn               u - +4 ring of protection
MPRegen 0.19/turn               (no ring)

@: no status effects
A: no striking features
a: Renounce Religion, Unearth Wretches


You were on level 9 of the Dungeon.
You worshipped Kikubaaqudgha.
Kikubaaqudgha was most pleased with you.
You visited 2 branches of the dungeon, and saw 10 of its levels.
You also visited: Ossuary.

You collected 1385 gold pieces.

Inventory:

Hand Weapons
 f - a +1 vampiric rapier (weapon)
 j - a +1 short sword of speed
 s - a +2 dagger of venom
Missiles
 F - a throwing net {@!f}
Armour
 e - a +2 pair of boots (worn)
 w - +2 steam dragon scales (worn)
 D - a +0 cloak (worn)
Magical Staves
 q - a staff of air
Jewellery
 a - an amulet of the acrobat
 k - an amulet of regeneration
 n - an amulet of magic regeneration
 u - a +4 ring of protection (left hand)
 v - the amulet "Xiasm" (around neck) {Faith rF++ rCorr}
   (You found it on level 4 of the Dungeon)

   [amulet of faith]

   It allows you to gain divine favour quickly.
   rF:        It greatly protects you from fire.
   rCorr:     It protects you from acid and corrosion.
Wands
 c - a wand of paralysis (21)
 o - a wand of polymorph (4)
 p - a wand of flame (28)
 x - a wand of light (1)
 y - a wand of iceblast (11)
Scrolls
 h - a scroll of immolation
 i - a scroll of identify
 t - 5 scrolls of teleportation
 B - a scroll of magic mapping
Potions
 b - 4 potions of magic
 d - 2 potions of flight
 l - 2 potions of haste
 m - 2 potions of curing
 r - a potion of brilliance
 z - 3 potions of resistance
 A - 3 potions of attraction


   Skills:
 - Level 2.4 Dodging
 - Level 2.4 Stealth
 - Level 9.0 Spellcasting
 + Level 11.4 Conjurations
 + Level 10.0 Necromancy
 - Level 6.1 Poison Magic


You couldn't memorise any spells.
You knew the following spells:

 Your Spells              Type           Power      Damage    Failure   Level
a - Magic Dart            Conj           100%       1d8       1%          1
b - Searing Ray           Conj           100%       2d8       1%          2
c - Fulminant Prism       Conj/Hex       22%        3d13      4%          4
d - Iskenderun's Mystic   Conj/Tloc      44%        2d10      4%          4
e - Olgreb's Toxic Radia  Pois           46%        N/A       3%          4
f - Animate Dead          Necr           62%        N/A       1%          4
g - Anguish               Hex/Necr       20%        N/A       5%          4
h - Dispel Undead         Necr           62%        3d22      1%          4

Your spell library contained the following spells:

 Spells                   Type           Power      Damage    Failure   Level
 Necrotise                Necr           100%       1d9       1%          1
 Sting                    Tmut/Pois      100%       1d8       1%          1
 Poisonous Vapours        Pois/Air       58%        N/A       1%          2
 Sublimation of Blood     Necr           62%        N/A       1%          2
 Dazzling Flash           Conj/Hex       88%        N/A       1%          3
 Agony                    Necr           62%        N/A       1%          5
 Corpse Rot               Necr/Pois/Air  42%        N/A       4%          4
 Death Channel            Necr           31%        N/A       11%         6
 Frozen Ramparts          Ice            24%        1d4       13%         3
 Gell's Gravitas          Tloc           12%        N/A       13%         3
 Portal Projectile        Hex/Tloc       24%        N/A       13%         3
 Teleport Other           Tloc           12%        N/A       13%         3
 Tukima's Dance           Hex            12%        N/A       13%         3
 Borgnjor's Vile Clutch   Necr/Erth      20%        N/A       16%         5
 Cause Fear               Hex            6%         N/A       41%         4
 Ice Form                 Ice/Tmut       12%        N/A       41%         4
 Summon Ice Beast         Ice/Summ       12%        N/A       41%         4
 Blade Hands              Tmut           6%         N/A       77%         5
 Dispersal                Tloc           6%         N/A       100%        6
 Dragon Form              Tmut           6%         N/A       100%        7
 Dragon's Call            Summ           6%         N/A       100%        9


Dungeon Overview and Level Annotations

Branches:
Dungeon (9/15)             Temple (1/1) D:4            Lair (0/5) D:8
Ossuary (visited)
    Orc: D:9-12

Altars:
Ashenzari
Cheibriados
Dithmenos
Elyvilon
Fedhas
Gozag
Hepliaklqana
Kikubaaqudgha
Makhleb
Nemelex Xobeh
Okawaru
Ru
Sif Muna
Trog
Uskayaw
Vehumet
Wu Jian
Xom
Yredelemnul
Zin
The Shining One

Shops:
D:9 [

Annotations:
D:7 1 runed translucent door, FastidiousMonk's ghost, novice GrBe


Message History

The slime creature is severely wounded.
The searing ray hits the yaktaur!
The yaktaur is heavily wounded.
The searing ray hits the orc!
You kill the orc!
Kikubaaqudgha accepts your kill.
The searing ray hits the orc.
The orc is heavily wounded.
Your orc wizard zombie hits the slime creature but does no damage.
The slime creature hits your orc wizard zombie!!
The searing ray hits the slime creature!
The slime creature is almost dead.
The searing ray hits the yaktaur!
The yaktaur is severely wounded.
The searing ray hits the orc.
The orc is severely wounded.
Your orc wizard zombie barely misses the slime creature.
The slime creature hits you but does no damage.
The searing ray hits the slime creature!
You kill the slime creature!
Kikubaaqudgha accepts your kill.
The searing ray hits the yaktaur.
The yaktaur is severely wounded.
The searing ray hits the orc!
You kill the orc!
Kikubaaqudgha accepts your kill.
You finish channelling your searing ray.
Your orc wizard zombie hits the yaktaur but does no damage.
Your Necromancy skill increases to level 10!
Aiming: Magic Dart (safe; 1% risk of failure)
Press: ? - help, Q - select action, (/) - cycle Shift-Dir - straight line, f - yaktaur
Aim: a yaktaur shaped shifter (severely wounded, ally target, 100% to hit)
The magic dart hits the yaktaur.
The yaktaur is severely wounded.
The yaktaur hits you!
Your orc wizard zombie hits the yaktaur but does no damage.
Aiming: Magic Dart (safe; 1% risk of failure)
Press: ? - help, Q - select action, (/) - cycle Shift-Dir - straight line, f/p - yaktaur
Aim: a yaktaur shaped shifter (severely wounded, ally target, 100% to hit)
The magic dart hits the yaktaur.
The yaktaur is almost dead.
The yaktaur changes into a lindwurm!
Aiming: Magic Dart (safe; 1% risk of failure)
Press: ? - help, Q - select action, (/) - cycle Shift-Dir - straight line, f/p - lindwurm
Aim: a lindwurm shaped shifter (lightly wounded, ally target, 100% to hit)
The magic dart hits the lindwurm but does no damage.
The lindwurm is lightly wounded.
Your orc wizard zombie hits the lindwurm but does no damage.
Aiming: Magic Dart (safe; 1% risk of failure)
Press: ? - help, Q - select action, (/) - cycle Shift-Dir - straight line, f/p - lindwurm
Aim: a lindwurm shaped shifter (lightly wounded, ally target, 100% to hit)
The magic dart hits the lindwurm but does no damage.
The lindwurm is lightly wounded.
The lindwurm breathes flames at you. The blast of flame hits you. You resist.
* * * LOW HITPOINT WARNING * * *
The blast of flame hits your dart slug zombie!!
Your dart slug zombie is destroyed!
Your orc wizard zombie hits the lindwurm but does no damage.
Your orc wizard zombie hits the lindwurm but does no damage.
Casting: Magic Dart (safe; 1% risk of failure)
Confirm with . or Enter, or press ? or * to list all spells.
Aiming: Searing Ray (safe; 1% risk of failure)
Press: ? - help, Shift-Dir - straight line, f/p - lindwurm
Aim: a lindwurm shaped shifter (lightly wounded, catching its breath, ally target, 92% to hit)
The searing ray hits the lindwurm.
The lindwurm is moderately wounded. (Press . to maintain the ray.)
* * * LOW MAGIC WARNING * * *
The lindwurm bites you but does no damage.
The lindwurm claws you but does no damage.
The lindwurm claws you.
* * * LOW HITPOINT WARNING * * *
Your orc wizard zombie barely misses the lindwurm.
The searing ray hits the lindwurm but does no damage.
The lindwurm is moderately wounded.
* * * LOW MAGIC WARNING * * *
The lindwurm bites you but does no damage.
The lindwurm closely misses you.
The lindwurm claws you but does no damage.
Unknown command.
The searing ray hits the lindwurm!
The lindwurm is moderately wounded.
* * * LOW MAGIC WARNING * * *
The lindwurm bites you!
* * * LOW HITPOINT WARNING * * *
The lindwurm claws you.
* * * LOW HITPOINT WARNING * * *
The lindwurm claws you but does no damage.
Your orc wizard zombie hits the lindwurm.
As you read the scroll labelled MUQUCL YKUVO, it crumbles to dust.
It is a scroll of enchant weapon.
Your +0 vampiric rapier glows red for a moment.
The lindwurm breathes flames at you. The blast of flame hits you. You resist.
* * * LOW HITPOINT WARNING * * *
Your orc wizard zombie hits the lindwurm but does no damage.
You swap places.
The lindwurm bites you.
You die...
Kikubaaqudgha rasps: "You have failed me!
Welcome... death!"

.....##_##.#.....#######......#
.....##}##.#.....##÷..###..######
.)).##...#.......##÷○.##.........
)..)##...##......##...##.........
.<..#.....#####..##.###..........
..###.....###.....##.##..#.######
###....8....###...##.###.#.#
#......#...[..###Z###.##.#.#
.....8###8......@k##.÷.#.#.#
#......#......###.##....)#.####
###....8....#####.##..........#
..###.....####.##)##.##......[#
...##.....####.##)##..........#
...###...##..........##.......#
.....#...##................####
.....##.###................#
......#_# #.......C........#


You could see a lindwurm shaped shifter (catching breath, ally target) and a
friendly orc wizard zombie.

Vanquished Creatures
  A two-headed ogre (D:9)
  A deep elf pyromancer (D:9)
  Maurice (D:9)
  Psyche (D:9)
  A kobold demonologist (D:9)
  Prince Ribbit (D:9)
  A slime creature (D:9)
  2 hornets
  A yak (D:8)
  A basilisk (D:9)
  Eustachio (D:5)
  4 steam dragons
  Menkaure (Ossuary)
  A water moccasin (D:6)
  3 black bears
  3 orc warriors
  A sky beast (D:4)
  The ghost of Fractals the Ruffian, an amateur DrTm (D:3)
  An ogre (D:6)
  A centaur (D:9)
  A phantom (D:5)
  3 bullfrogs
  3 kobold brigands
  5 scorpions
  A human zombie (D:9)
  3 killer bees (D:9)
  3 howler monkeys (D:7)
  2 hounds (D:4)
  A gnoll bouda (D:7)
  4 jellies
  2 orc priests
  Jessica (D:3)
  Natasha (thrice) (D:3)
  3 iguanas
  4 orc wizards
  A statue (D:6)
  4 mummies
  Robin (D:4)
  2 gnolls (D:7)
  13 adders
  A shadow imp (D:6)
  2 white imps (D:6)
  3 worms
  4 dart slugs
  22 orcs
  5 endoplasms
  11 giant cockroaches
  7 goblins (D:4)
  10 hobgoblins
  3 jackals
  19 kobolds
  3 quokkas
  10 ball pythons
  7 bats
  A frilled lizard (D:2)
  4 gnoll skeletons (Ossuary)
  4 goblin skeletons (Ossuary)
  8 goblin zombies (Ossuary)
  3 hobgoblin skeletons (Ossuary)
  3 hobgoblin zombies (Ossuary)
  5 kobold skeletons (Ossuary)
  4 kobold zombies (Ossuary)
  6 orc skeletons (Ossuary)
  7 orc zombies
  5 rats
  3 rat skeletons (Ossuary)
  6 rat zombies (Ossuary)
254 creatures vanquished.

Vanquished Creatures (collateral kills)
  An ogre (D:9)
  2 necrophages
  An orc wizard (D:9)
  5 orcs
  3 kobolds (D:8)
12 creatures vanquished.

Vanquished Creatures (others)
  An elf zombie (D:9)
  An orc warrior (D:6)
  A black bear (D:9)
  A hornet zombie (D:9)
  A centaur zombie (D:9)
  A basilisk zombie (D:9)
  A human zombie (D:9)
  2 kobold zombies (D:9)
  A gnoll (D:7)
  A dart slug zombie (D:9)
  5 orc zombies
  20 fulminant prisms
  6 fungi (D:8)
  11 plants
53 creatures vanquished.

Grand Total: 319 creatures vanquished

Notes
Turn   | Place    | Note
-------+----------+-------------------------------------------
     0 | D:1      | RascalDebosk the Deep Elf Conjurer began the quest for the
                  | Orb.
     0 | D:1      | Reached XP level 1. HP: 10/10 MP: 6/6
   380 | D:1      | Reached XP level 2. HP: 15/15 MP: 4/8
   544 | D:1      | Learned a level 2 spell: Searing Ray
   766 | D:1      | Found a faded altar of an unknown god.
  1309 | D:2      | Reached skill level 5 in Conjurations
  1309 | D:2      | Reached XP level 3. HP: 19/19 MP: 6/10
  1539 | D:2      | Reached XP level 4. HP: 24/24 MP: 8/12
  1647 | D:2      | Learned a level 4 spell: Fulminant Prism
  1652 | D:2      | Learned a level 4 spell: Iskenderun's Mystic Blast
  2185 | D:2      | Reached skill level 5 in Spellcasting
  2469 | D:2      | Reached skill level 1 in Poison Magic
  2744 | D:3      | Noticed Jessica
  2748 | D:3      | Killed Jessica
  2749 | D:3      | Reached XP level 5. HP: 24/28 MP: 8/14
  3055 | D:3      | Reached skill level 6 in Conjurations
  3493 | D:3      | Noticed Natasha
  3500 | D:3      | Killed Natasha
  3501 | D:3      | Reached XP level 6. HP: 32/32 MP: 9/16
  3793 | D:3      | Found a runed translucent gate.
  3793 | D:3      | Found a runed translucent gate.
  3793 | D:3      | Noticed Fractals's ghost (amateur DrTm)
  3794 | D:3      | Found a runed translucent gate.
  3842 | D:3      | Found a burning altar of Makhleb.
  3907 | D:3      | Noticed Natasha
  3912 | D:3      | Killed Natasha
  4029 | D:3      | Noticed Natasha
  4037 | D:3      | Killed Natasha
  4291 | D:3      | Learned a level 4 spell: Olgreb's Toxic Radiance
  4297 | D:3      | Killed Fractals's ghost
  4300 | D:3      | Reached XP level 7. HP: 36/36 MP: 6/19
  4586 | D:4      | Identified the amulet "Xiasm" {Faith rF++ rCorr}
  4641 | D:4      | Found a staircase to the Ecumenical Temple.
  4650 | Temple   | Entered the Ecumenical Temple
  4650 | Temple   | Found a transporter.
  4650 | Temple   | Found a transporter.
  4652 | Temple   | Found a transporter.
  4652 | Temple   | Found a transporter.
  4694 | Temple   | Became a worshipper of Kikubaaqudgha
  4730 | D:4      | Noticed a steam dragon
  4737 | D:4      | Killed a steam dragon
  4738 | D:4      | Reached skill level 7 in Conjurations
  4738 | D:4      | Reached skill level 1 in Necromancy
  4748 | D:4      | Identified a scroll of acquirement
  4748 | D:4      | Acquired 924 gold pieces
  5139 | D:4      | Noticed Robin
  5235 | D:4      | Killed Robin
  5704 | D:5      | Entered Level 5 of the Dungeon
  5962 | D:5      | Reached XP level 8. HP: 41/41 MP: 10/21
  6173 | D:5      | Noticed Eustachio
  6183 | D:5      | Killed Eustachio
  6184 | D:5      | Reached skill level 5 in Poison Magic
  6445 | D:5      | Reached * piety under Kikubaaqudgha
  6445 | D:5      | Received a gift from Kikubaaqudgha
  6451 | D:5      | Learned a level 4 spell: Animate Dead
  6456 | D:5      | Learned a level 4 spell: Anguish
  6513 | D:5      | Reached skill level 8 in Conjurations
  6989 | D:6      | Found a radiant altar of Vehumet.
  7196 | D:6      | Reached skill level 5 in Necromancy
  7396 | D:6      | Reached XP level 9. HP: 40/45 MP: 18/24
  7898 | D:6      | Found an opulent altar of Gozag.
  8514 | D:7      | Found a white marble altar of Elyvilon.
  8526 | D:7      | Reached skill level 9 in Conjurations
  8653 | D:7      | Reached ** piety under Kikubaaqudgha
  8667 | D:7      | Found a shadowy altar of Dithmenos.
  8842 | D:7      | Found a sand-covered staircase.
  8852 | Ossuary  | Entered an ossuary
  9336 | Ossuary  | Reached *** piety under Kikubaaqudgha
  9336 | Ossuary  | Received a gift from Kikubaaqudgha
  9520 | Ossuary  | Noticed Menkaure
  9523 | Ossuary  | Killed Menkaure
 10199 | D:7      | Found a runed translucent door.
 10199 | D:7      | Found a shimmering altar of Xom.
 10199 | D:7      | Noticed a +0 mace of chaos
 10199 | D:7      | Noticed FastidiousMonk's ghost (novice GrBe)
 10824 | D:8      | Reached skill level 10 in Conjurations
 10840 | D:8      | Found a staircase to the Lair.
 11484 | D:8      | Reached **** piety under Kikubaaqudgha
 11827 | D:9      | Reached XP level 10. HP: 45/50 MP: 14/25
 11884 | D:9      | Found a snail-covered altar of Cheibriados.
 11885 | D:9      | Found Cheibriados's Comfort Zone.
 11904 | D:9      | Noticed Psyche
 11909 | D:9      | Killed Psyche
 11910 | D:9      | Noticed Maurice
 11927 | D:9      | Killed Maurice
 11928 | D:9      | Reached skill level 11 in Conjurations
 12150 | D:9      | Noticed Prince Ribbit
 12160 | D:9      | Killed Prince Ribbit
 12164 | D:9      | Your ally Maurice died
 12175 | D:9      | Paralysed by a hornet for 2 turns
 12423 | D:9      | Found a snail-covered altar of Cheibriados.
 12429 | D:9      | Found a hide-covered altar of Uskayaw.
 12434 | D:9      | Found an iron altar of Okawaru.
 12469 | D:9      | Found a sacrificial altar of Ru.
 12546 | D:9      | Noticed a death knight
 12546 | D:9      | Noticed a boulder beetle
 12550 | D:9      | Noticed a centaur warrior
 12552 | D:9      | Noticed a four-headed hydra
 12555 | D:9      | Noticed a white ugly thing
 12799 | D:9      | Learned a level 4 spell: Dispel Undead
 12922 | D:9      | Noticed a cyclops
 12953 | D:9      | a cyclops changed into a yaktaur
 12962 | D:9      | Reached skill level 10 in Necromancy
 12963 | D:9      | Noticed a lindwurm
 12963 | D:9      | a yaktaur changed into a lindwurm
 12970 | D:9      | HP: 1/50 [lindwurm (shapeshifter)/blast of flame (6)]
 12971 | D:9      | Slain by a lindwurm (shapeshifter)

Illustrated notes

Levels and vault maps discovered:
D:1:      lemuel_arrival_muddy, layout_loops_corners, basic_ecumenical_altar
D:2:      minmay_roachtagon, layout_basic, minmay_between
D:3:      layout_loops_ring, lemuel_round_altar, gammafunk_ghost_nasty_kobolds,
          uniq_jessica, uniq_natasha
D:4:      layout_gridville, minmay_temple_entry_junction, uniq_robin
D:5:      layout_cave_pods, uniq_eustachio
D:6:      layout_basic, mainiacjoe_overflow_alcove_2, vehumet_statue,
          item_on_display_a
D:7:      layout_loops_ring, mainiacjoe_overflow_concentric_impassable,
          mainiacjoe_overflow_brackets, ebering_ghost_xom,
          gup_ossuary_entry_pyramid, minmay_holes
D:8:      layout_basic, grunt_lair_entry_orc_guard_hut
D:9:      layout_basic, minmay_overflow_temple_star_quad,
          nicolae_ru_awakened_eye, grunt_ogre_cave, minmay_shop_chei,
          minivault_28, uniq_maurice, uniq_prince_ribbit1, uniq_psyche
Temple:   hellmonk_temple_divided_pantheon

Skill      XL: |  1  2  3  4  5  6  7  8  9 10 |
---------------+-------------------------------+-----
Spellcasting   | 4 5 6 7 9 |  9.0
Conjurations   | 5 6 7 8 10 11 | 11.4
Poison Magic   | 1 2 3 4 6 |  6.1
Necromancy     | 3 5 8 10 | 10.0
Dodging        | |  2.4
Stealth        | |  2.4

Action                   |  1- 3 |  4- 6 |  7- 9 | 10-12 || total
-------------------------+-------+-------+-------+-------++-------
Melee: Unarmed           |     1 |       |       |       ||     1
       Rapier            |       |       |    22 |    14 ||    36
       Punch             |       |       |     1 |       ||     1
 Cast: Magic Dart        |    54 |    84 |   300 |    17 ||   455
       Searing Ray       |     1 |     9 |    21 |     6 ||    37
       Fulminant Prism   |       |     7 |    10 |     3 ||    20
       Iskenderun's Myst |       |     1 |    22 |     3 ||    26
       Olgreb's Toxic Ra |       |       |     6 |       ||     6
       Animate Dead      |       |       |     8 |     3 ||    11
       Anguish           |       |       |     2 |     2 ||     4
Invok: Unearth Wretches  |       |       |     1 |     2 ||     3
  Use: Scroll            |       |     8 |    20 |     3 ||    31
       Potion            |       |     2 |     1 |     2 ||     5
 Stab: Sleeping          |       |       |     1 |       ||     1
       Paralysed         |       |       |       |     1 ||     1
Armor: Robe              |     1 |     7 |     6 |       ||    14
       Skin              |       |     1 |       |       ||     1
       Steam dragon scal |       |       |    30 |    15 ||    45
Dodge: Dodged            |     5 |    14 |    63 |    18 ||   100
